AoeStats
← 只会打步弓

African Clearing

510326967Analyzed
4v4 RM · 1d ago on Sep 30, 2026· 46m 10s· 8 players
Game mode
Random Map
Map size
Large (8 player)
Population
200
Speed
Normal
Resources
Standard
Victory
Conquest
Starting age
Dark Age
Ending age
Imperial Age
RankedLock teamsTeams togetherTeam positionsShared explorationLock speedFull tech treeHidden civsTurbo modeCheats
Victory
Defeat
🇨🇳 Varangians · China
1693
+10
🇨🇳 Huns · China
1681
+10
🇨🇳 Magyars · China
1672
+11
🇨🇳 Magyars · China
1664
+11
🇹🇼 Koreans · Taiwan
1595
-12
🇦🇷 Italians · Argentina
1560
-11
🇹🇼 Varangians · Taiwan
1551
-10
🇩🇪 Cumans · Germany
1498
-9
Emily001
11:11 Loom
13:40 Feudal Age
17:34 Castle Age
17:16 Double-Bit Axe
17:17 Horse Collar
17:36 Pikeman
22:25 Bow Saw
23:14 Fletching
23:17 Town Watch
25:26 Husbandry
29:49 Wheelbarrow
32:20 Ballistics
35:25 Gold Mining
35:49 Bodkin Arrow
37:02 Stone Mining
46:07 Imperial Age
43:44 Squires
43:45 Scale Mail Armor
44:59 Chain Mail Armor
44:54 Forging
咖啡冷靜啲
11:13 Loom
13:26 Feudal Age
18:25 Castle Age
16:47 Double-Bit Axe
18:29 Fishing Lines
19:47 Bow Saw
20:01 Gillnets
27:41 Bloodlines
29:56 Scale Barding Armor
30:44 Forging
31:54 Chain Barding Armor
32:03 Husbandry
32:43 Wheelbarrow
31:53 Town Watch
33:12 Iron Casting
33:49 Horse Collar
35:33 Hand Cart
35:29 Vendel Legacy
40:10 Imperial Age
40:32 Fletching
40:18 Cavalier
42:34 Blast Furnace
44:21 Conscription
Poncho
6:13 Loom
12:05 Feudal Age
12:44 Double-Bit Axe
28:35 Fletching
33:47 Horse Collar
36:39 Wheelbarrow
35:55 Town Watch
38:54 Castle Age
37:05 Padded Archer Armor
37:49 Scale Mail Armor
38:45 Gold Mining
38:46 Stone Mining
39:07 Crossbowman
39:52 Thumb Ring
39:44 Bodkin Arrow
39:51 Pikeman
41:17 Scale Barding Armor
41:38 Leather Archer Armor
41:36 Forging
41:41 Chain Mail Armor
41:56 Bloodlines
41:52 Heavy Plow
42:33 Chain Barding Armor
45:25 Bow Saw
amtiky
10:29 Loom
15:10 Feudal Age
30:34 Castle Age
29:28 Double-Bit Axe
29:23 Horse Collar
29:57 Fletching
37:18 Bodkin Arrow
39:40 Padded Archer Armor
LY006
5:47 Loom
11:56 Feudal Age
12:43 Double-Bit Axe
19:39 Castle Age
18:58 Gold Mining
19:21 Bloodlines
21:06 Bow Saw
21:08 Scale Barding Armor
22:24 Husbandry
23:24 Chain Barding Armor
34:04 Wheelbarrow
37:28 Imperial Age
35:14 Stone Mining
36:44 Fletching
37:39 Forging
37:59 Scale Mail Armor
38:02 Squires
37:47 Gambesons
37:49 Arson
38:58 Iron Casting
38:24 Cavalier
39:19 Elite Varangian Guard
40:33 Chain Mail Armor
42:30 Plate Mail Armor
43:02 Blast Furnace
43:23 Gothikon
44:25 Conscription
44:18 Light Cavalry
45:58 Horse Collar
LUCKY
5:40 Loom
14:48 Feudal Age
15:19 Double-Bit Axe
15:52 Town Watch
19:49 Fletching
32:24 Wheelbarrow
36:00 Horse Collar
44:19 Castle Age
45:20 Bow Saw
45:58 Heavy Plow
只会打步弓
5:23 Loom
14:14 Feudal Age
19:43 Castle Age
17:55 Double-Bit Axe
18:53 Fletching
19:28 Fishing Lines
20:25 Bloodlines
20:33 Bodkin Arrow
22:16 Bow Saw
23:32 Padded Archer Armor
24:23 Ballistics
24:22 Husbandry
26:01 Leather Archer Armor
28:19 Thumb Ring
小胖子
11:28 Feudal Age
12:31 Double-Bit Axe
13:39 Horse Collar
14:42 Loom
25:14 Castle Age
26:27 Bow Saw
26:18 Heavy Plow
32:40 Wheelbarrow
36:41 Imperial Age
34:45 Coinage
34:34 Scale Barding Armor
34:39 Bloodlines
34:42 Gold Mining
36:23 Chain Barding Armor
36:53 Cavalier
38:48 Plate Barding Armor
39:31 Gold Shaft Mining
39:22 Husbandry
42:45 Paladin
45:30 Conscription
45:05 Stone Mining
46:49 Banking
Connection lost

Rejoining the realm…

Still unreachable

The connection could not be restored.

Session expired

The server has moved on; the page needs a fresh start.